 Dungeon Crawl Stone Soup version 0.21-a0-221-gfe971b9 (webtiles) character file.

64288 motkurip the Severer (level 14, -2/135 HPs)
             Began as a Minotaur Wanderer on Aug 23, 2017.
             Was the Champion of Makhleb.
             Slain by a naga ritualist
             ... wielding a +0 dagger of venom
              (4 damage)
             ... on level 1 of the Snake Pit on Aug 24, 2017.
             The game lasted 01:09:23 (22204 turns).

motkurip the Severer (Minotaur Wanderer)           Turns: 22204, Time: 01:09:24

Health: -2/135     AC:  9    Str: 20    XL:     14   Next: 71%
Magic:  16/16      EV: 19    Int:  4    God:    Makhleb [******]
Gold:   1180       SH:  6    Dex: 17    Spells: 15/15 levels left

rFire    . . .     SeeInvis .   y - +7 broad axe "Diydu" {pain, +Fly rElec Int-5}
rCold    . . .     Gourm    .   v - +0 buckler
rNeg     . . .     Faith    .   A - +0 troll leather armour
rPois    .         Spirit   .   (helmet restricted)
rElec    +         Reflect  .   n - +0 cloak
rCorr    .         Harm     .   h - +0 pair of gloves
MR       +....                  x - +0 pair of boots
Stlth    ++........             (no amulet)
HPRegen  0.72/turn              u - +5 ring of dexterity
MPRegen  0.15/turn              i - ring of poison resistance

@: lethally poisoned (-2 -> -7), poison vulnerable, constricted
A: retaliatory headbutt, horns 2, low mp 1
a: Minor Destruction, Lesser Servant of Makhleb, Major Destruction, Greater
Servant of Makhleb, Renounce Religion, Evoke Flight


You were on level 1 of the Snake Pit.
You worshipped Makhleb.
Makhleb was exalted by your worship.
You were full.

You visited 5 branches of the dungeon, and saw 22 of its levels.
You also visited: Ossuary.

You collected 2339 gold pieces.
You spent 1159 gold pieces at shops.

Inventory:

Hand Weapons
 k - the +6 hand axe "Karo" {chop, rPois rF+}
   (You took it off a gnoll on level 5 of the Dungeon)

   It inflicts extra damage upon your enemies.
   It protects you from fire.
   It protects you from poison.
 p - a +0 whip of freezing
 y - the +7 broad axe "Diydu" (weapon) {pain, +Fly rElec Int-5}
   (You bought it in a shop on level 2 of the Orcish Mines)

   In the hands of one skilled in necromantic magic, it inflicts extra damage on
   living creatures.
   It affects your intelligence (-5).
   It insulates you from electricity.
   It lets you fly.
 Z - a +2 executioner's axe of venom
Missiles
 b - a throwing net (quivered)
Armour
 h - a +0 pair of gloves (worn)
 n - a +0 cloak (worn)
 v - a +0 buckler (worn)
 x - a +0 pair of boots (worn)
 A - a +0 troll leather armour (worn)
Jewellery
 g - an uncursed ring of ice
 i - a ring of poison resistance (right hand)
 q - an uncursed ring of protection from fire
 u - a +5 ring of dexterity (left hand)
 B - an uncursed ring of flight
 K - an uncursed ring of protection from magic
Wands
 l - a wand of paralysis (12/24)
 D - a wand of acid (11/15)
 L - a wand of clouds (3/9)
 P - a wand of iceblast (4/15)
 T - a wand of confusion (42/48)
Scrolls
 a - 2 scrolls of enchant weapon
 c - 2 scrolls of magic mapping
 e - a scroll of brand weapon
 s - 6 scrolls of remove curse
 t - a scroll of fog
 C - 8 scrolls of teleportation
 E - a scroll of blinking
 I - a scroll of silence {unknown}
 J - 7 scrolls of amnesia {unknown}
 M - a scroll of recharging
 N - 3 scrolls of enchant armour
 V - a scroll of holy word {unknown}
 Y - 2 scrolls of torment {unknown}
Potions
 f - 6 potions of agility
 j - 4 potions of haste {unknown}
 m - 9 potions of curing
 o - 5 potions of berserk rage {unknown}
 r - 4 potions of ambrosia {unknown}
 z - 3 potions of degeneration {unknown}
 F - 5 potions of heal wounds
 G - 8 potions of lignification
 H - 6 potions of flight {unknown}
 O - 4 potions of cancellation {unknown}
 Q - 2 potions of invisibility {unknown}
 R - 3 potions of brilliance {unknown}
 S - a potion of resistance {unknown}
 U - 5 potions of might {unknown}
 W - a potion of magic {unknown}
Comestibles
 d - 10 bread rations
 w - 4 meat rations


   Skills:
 - Level 15.1 Fighting
   Level 2.1 Short Blades
 + Level 16.3 Axes
 - Level 1.0 Throwing
 - Level 8.0 Armour
 - Level 14.0 Dodging
 - Level 1.0 Stealth
 - Level 6.1 Shields
 - Level 1.0 Spellcasting
   Level 1.2 Charms
 - Level 7.3 Invocations
 - Level 4.2 Evocations


You had 15 spell levels left.
You didn't know any spells.

Dungeon Overview and Level Annotations

Branches:
Dungeon (12/15)            Temple (1/1) D:7            Lair (6/6) D:8
 Shoals (0/4) Lair:3        Snake (1/4) Lair:4        Slime (0/5) Lair:6
    Orc (2/2) D:11            Elf (0/3) Orc:2

Altars:
Ashenzari
Cheibriados
Dithmenos
Fedhas
Hepliaklqana
Kikubaaqudgha
Makhleb
Okawaru
Ru
Sif Muna
Trog
Uskayaw
Vehumet
Wu Jian
Xom
Zin
Jiyva

Shops:
D:4 :   D:5 =%!   D:8 %?**}   D:9 :   D:12 %   Orc:1 *[?   Orc:2 (:[*(

Annotations:
D:5 1 runed door
D:12 Frances
Lair:2 exclusion: downstairs


Innate Abilities, Weirdness & Mutations

You reflexively headbutt those who attack you in melee.
You have a pair of horns on your head.
Your magical capacity is low. (-10% MP)


Message History

The salamander is almost dead.
You slash the naga ritualist!
You feel sick. The salamander barely misses you.
The naga ritualist spits poison at you. The splash of poison misses you.
Unknown command.
You completely miss the salamander.
You headbutt the salamander, but do no damage.
The salamander is almost dead.
You slash the naga ritualist!
You feel sick.
You barely miss the salamander.
The salamander is almost dead.
You slash the naga ritualist!
You feel sick. The salamander hits you with a glaive!
* * * LOW HITPOINT WARNING * * *
You are engulfed in flames!
* * * LOW HITPOINT WARNING * * *
The naga ritualist completely misses you.
You furiously retaliate!
You headbutt the naga ritualist! The naga ritualist grabs you.
You die...

#.....### ....#
#......##....##
#)...........#
#............
#...........
#...........
##..<.†......
#..)..†......
#..@N......##
.....?..N.......#
#................
##...............
######..........
..../......
#$....[.....
.........


You could see a salamander and a naga ritualist.

Vanquished Creatures
  An orc warlord (Orc:2)
  Snorg (Lair:5)
  A yaktaur captain (D:8)
  The ghost of Dominolapin the Transmogrifier, a journeyman MfTm of Ashenzari (Lair:1)
  Josephine (Lair:5)
  The ghost of Tungsten the Basher, a journeyman OgHu of Okawaru (Lair:1)
  2 catoblepae
  Fannar (Orc:1)
  2 hydras
  2 two-headed ogres
  12 death yaks
  A queen ant (Lair:2)
  A deep troll shaman (Lair:6)
  3 orc high priests (Orc:2)
  Pikel (D:4)
  A lindwurm (Lair:6)
  5 orc knights (Orc:2)
  3 orc sorcerers (Orc:2)
  An oklob plant (Orc:2)
  An ugly thing (D:11)
  8 black mambas
  4 elephants (Lair:6)
  6 komodo dragons
  12 spiny frogs
  2 rime drakes
  3 trolls
  9 blink frogs
  7 hippogriffs
  A hornet (D:8)
  A slime creature (Lair:6)
  4 dream sheep (Lair:6)
  A spriggan (D:7)
  4 wraiths
  38 yaks
  3 basilisks
  2 wyverns
  A hungry ghost (D:9)
  Menkaure (D:5)
  5 vampire mosquitoes (D:10)
  A naga (Snake:1)
  4 wargs
  8 water moccasins
  20 soldier ants (Lair:2)
  7 porcupines
  2 swamp drakes (D:10)
  29 orc warriors
  4 ice beasts
  3 black bears
  3 sky beasts
  9 ogres
  4 phantoms
  4 wolves (Lair:6)
  13 centaurs
  8 crocodiles
  Blork the orc (D:5)
  12 bullfrogs
  A scorpion (D:11)
  4 killer bees (D:9)
  8 wights
  3 electric eels
  4 crimson imps
  7 hounds
  A quasit (D:9)
  4 bullfrog zombies
  4 bullfrog skeletons
  A gnoll shaman (D:6)
  25 orc priests
  2 centaur skeletons
  4 iguanas
  27 worker ants
  24 orc wizards
  11 mummies (Ossuary)
  2 howler monkey zombies
  16 gnolls
  7 adders
  A shadow imp (D:6)
  An adder skeleton (D:2)
  2 adder zombies (D:2)
  A worm (D:2)
  2 dart slugs
  2 leopard geckos
  68 orcs
  3 ball pythons
  8 bats
  A bat skeleton (D:2)
  A bat zombie (D:2)
  9 giant cockroaches
  7 hobgoblins
  12 jackals
  8 kobolds
  4 quokkas
  5 frilled lizards
  A gnoll skeleton (Ossuary)
  5 goblins
  2 goblin skeletons (Ossuary)
  A jackal skeleton (D:5)
  A kobold skeleton (Ossuary)
  A leopard gecko skeleton (D:4)
  4 orc skeletons (Ossuary)
  A quokka zombie (D:2)
  6 rats
  11 rat skeletons (Ossuary)
  9 fungi
  4 plants
622 creatures vanquished.

Vanquished Creatures (collateral kills)
  Rupert (Lair:6)
  An orc high priest (Orc:2)
  A komodo dragon (Lair:6)
  2 yaks (Lair:5)
  A wraith (Lair:5)
  A basilisk (Lair:6)
  3 orc warriors (Orc:2)
  6 orcs (Orc:2)
16 creatures vanquished.

Vanquished Creatures (others)
  A crocodile (Lair:5)
  A centaur zombie (D:7)
  A worm (D:5)
  A fungus (Lair:2)
  2 plants (Lair:5)
6 creatures vanquished.

Grand Total: 644 creatures vanquished

Notes
Turn   | Place    | Note
-------+----------+-------------------------------------------
     0 | D:1      | motkurip the Minotaur Wanderer began the quest for the Orb.
     0 | D:1      | motkurip set off with: a +0 leather armour, 2 throwing nets, a +0 short sword, a bread ration
     0 | D:1      | Reached XP level 1. HP: 18/18 MP: 1/1
   141 | D:1      | Reached XP level 2. HP: 25/25 MP: 2/2
   739 | D:2      | Found an ornate altar of the Wu Jian Council.
   945 | D:2      | Reached skill level 1 in Armour
   967 | D:2      | Reached XP level 3. HP: 29/31 MP: 3/3
  1398 | D:1      | Reached XP level 4. HP: 35/40 MP: 4/4
  1537 | D:2      | Found a deep blue altar of Sif Muna.
  2042 | D:3      | Reached XP level 5. HP: 21/47 MP: 5/5
  2781 | D:4      | Found Xuto's Book Shop.
  2863 | D:4      | Reached skill level 5 in Fighting
  3065 | D:4      | Reached XP level 6. HP: 40/56 MP: 6/6
  3592 | D:5      | Entered Level 5 of the Dungeon
  3593 | D:5      | Found a shattered altar of Ashenzari.
  3605 | D:5      | Noticed Pikel
  3606 | D:5      | Noticed a slave
  3610 | D:5      | Noticed a slave
  3618 | D:4      | Killed Pikel
  3618 | D:4      | Reached skill level 5 in Armour
  3618 | D:4      | Reached skill level 5 in Dodging
  3618 | D:4      | Reached XP level 7. HP: 39/64 MP: 7/7
  3804 | D:5      | Found a runed door.
  3845 | D:5      | Found Wuizog's Food Shop.
  3895 | D:5      | Found Gewnoh's Distillery.
  3900 | D:5      | Bought a potion of curing for 36 gold pieces
  3900 | D:5      | Bought a potion of lignification for 36 gold pieces
  3900 | D:5      | Bought a potion of heal wounds for 60 gold pieces
  3935 | D:5      | Found a hazy altar of Hepliaklqana.
  4216 | D:5      | Gained mutation: Armour fits poorly on your strangely shaped body. [mutagenic meat]
  4217 | D:5      | Gained mutation: Your body sometimes deteriorates upon taking damage. [mutagenic meat]
  4258 | D:5      | Bought a potion of mutation for 96 gold pieces
  4260 | D:5      | Lost mutation: Your body sometimes deteriorates upon taking damage. [potion of mutation]
  4260 | D:5      | Lost mutation: Armour fits poorly on your strangely shaped body. [potion of mutation]
  4260 | D:5      | Gained mutation: Your magical capacity is low. (-10% MP) [potion of mutation]
  4260 | D:5      | Gained mutation: You are clumsy. (Dex -2) [potion of mutation]
  4260 | D:5      | Lost mutation: You are clumsy. (Dex -2) [potion of mutation]
  4420 | D:6      | Reached XP level 8. HP: 64/71 MP: 7/7
  4458 | D:5      | Noticed Menkaure
  4479 | D:5      | Killed Menkaure
  4747 | D:5      | Found a shimmering altar of Xom.
  4747 | D:5      | Found a glowing silver altar of Zin.
  4747 | D:5      | Noticed an angel
  4782 | D:5      | Got a twisted hand axe {chop}
  4782 | D:5      | Got a twisted leather armour
  4800 | D:5      | Identified the +3 leather armour "Qasaih" {*Corrode rPois Dex+3 SInv} (You took it off a gnoll on level 5 of the Dungeon)
  4800 | D:5      | Identified the +6 hand axe "Karo" {chop, rPois rF+} (You took it off a gnoll on level 5 of the Dungeon)
  4890 | D:5      | Found Oniotom's Jewellery Shoppe.
  4970 | D:5      | Noticed Blork the orc
  4979 | D:5      | Reached skill level 1 in Axes
  4982 | D:5      | Killed Blork the orc
  4982 | D:5      | Reached skill level 2 in Axes
  5211 | D:6      | Reached skill level 3 in Axes
  5221 | D:6      | Reached skill level 4 in Axes
  5730 | D:7      | Found a sand-covered staircase.
  5735 | Ossuary  | Entered an ossuary
  5991 | Ossuary  | Reached skill level 5 in Axes
  6188 | D:7      | Found a radiant altar of Vehumet.
  6228 | D:7      | Reached skill level 6 in Axes
  6379 | D:7      | Reached skill level 7 in Axes
  6423 | D:7      | Reached XP level 9. HP: 71/79 MP: 8/8
  6433 | D:7      | Identified the Disquisition on the Destructive Birds
  6547 | D:7      | Reached skill level 8 in Axes
  6979 | D:7      | Found a staircase to the Ecumenical Temple.
  7032 | Temple   | Entered the Ecumenical Temple
  7063 | Temple   | Became a worshipper of Makhleb the Destroyer
  7278 | D:7      | Reached skill level 9 in Axes
  7331 | D:7      | Reached skill level 1 in Evocations
  7460 | D:8      | Found a bloodstained altar of Trog.
  7470 | D:8      | Found Enousk's Magic Scroll Emporium.
  8205 | D:8      | Noticed a two-headed ogre
  8223 | D:8      | Reached skill level 10 in Axes
  8236 | D:8      | Killed a two-headed ogre
  8236 | D:8      | Reached skill level 11 in Axes
  8293 | D:8      | Found Bixkui's Assorted Antiques.
  8316 | D:8      | Bought a twisted tourmaline ring for 135 gold pieces
  8330 | D:8      | Noticed a yaktaur captain
  8338 | D:8      | Killed a yaktaur captain
  8338 | D:8      | Reached XP level 10. HP: 35/86 MP: 10/10
  8635 | D:7      | Reached skill level 12 in Axes
  8985 | D:8      | Found Hunaoph's General Store.
  9006 | D:8      | Found Elievonga's Gadget Shop.
  9048 | D:8      | Reached skill level 1 in Invocations
  9117 | D:8      | Found Nagywia's Food Shop.
  9133 | D:8      | Found a staircase to the Lair.
  9267 | Lair:1   | Entered Level 1 of the Lair of Beasts
  9370 | Lair:1   | Noticed Tungsten's ghost (journeyman OgHu)
  9427 | Lair:1   | Killed Tungsten's ghost
  9585 | Lair:1   | Noticed Dominolapin's ghost (journeyman MfTm)
  9840 | D:9      | Reached skill level 13 in Axes
  9893 | D:9      | Reached * piety under Makhleb
 10237 | D:9      | Found Uxicil's Book Shoppe.
 10656 | D:9      | Reached skill level 1 in Shields
 10679 | D:9      | Reached XP level 11. HP: 84/92 MP: 11/11
 10987 | D:10     | Entered Level 10 of the Dungeon
 11135 | Lair:1   | Reached skill level 14 in Axes
 11298 | Lair:1   | Killed Dominolapin's ghost
 12417 | Lair:2   | Reached skill level 5 in Invocations
 12423 | Lair:2   | Reached ** piety under Makhleb
 13169 | Lair:2   | Noticed a queen ant
 13178 | Lair:2   | Reached XP level 12. HP: 104/104 MP: 14/14
 13197 | Lair:2   | Killed a queen ant
 13215 | Lair:2   | Reached *** piety under Makhleb
 13625 | Lair:3   | Noticed a seven-headed hydra
 13637 | Lair:2   | Upgraded the game from 0.21-a0-216-g6d3fd91 to 0.21-a0-221-gfe971b9
 13724 | Lair:3   | Reached skill level 10 in Fighting
 14053 | Lair:3   | Killed a seven-headed hydra
 14325 | Lair:3   | Found a staircase to the Shoals.
 14605 | Lair:4   | Found a staircase to the Snake Pit.
 14728 | Lair:3   | Reached skill level 10 in Dodging
 14821 | Lair:4   | Noticed a catoblepas
 14877 | Lair:3   | Reached **** piety under Makhleb
 14915 | Lair:3   | Killed a catoblepas
 15011 | Lair:4   | Noticed a four-headed hydra
 15020 | Lair:4   | Killed a four-headed hydra
 15305 | Lair:4   | Reached XP level 13. HP: 118/118 MP: 15/15
 15463 | Lair:5   | Noticed Josephine
 15817 | Lair:5   | Killed Josephine
 16052 | Lair:5   | Noticed Snorg
 16091 | Lair:5   | Killed Snorg
 17485 | D:11     | Reached ***** piety under Makhleb
 17517 | D:11     | Found a staircase to the Orcish Mines.
 17548 | Orc:1    | Entered Level 1 of the Orcish Mines
 17548 | Orc:1    | Found Ynuclegh's Armour Shoppe.
 17548 | Orc:1    | Found Reseint's General Store.
 17548 | Orc:1    | Found Worejeg's Magic Scroll Shoppe.
 17662 | Orc:1    | Noticed Fannar
 17672 | Orc:1    | Killed Fannar
 17937 | Orc:2    | Entered Level 2 of the Orcish Mines
 17937 | Orc:2    | Found Vanud's Antique Weapon Boutique.
 17942 | Orc:2    | Bought a polished triple sword for 345 gold pieces
 17947 | Orc:2    | Identified the +6 triple sword of Impatience {slice, rPois} (You bought it in a shop on level 2 of the Orcish Mines)
 18134 | Orc:2    | Found a staircase to the Elven Halls.
 18341 | Orc:2    | Noticed an orc warlord
 18378 | Orc:2    | Killed an orc warlord
 18671 | Orc:1    | Reached XP level 14. HP: 110/133 MP: 16/16
 18845 | Orc:2    | Reached skill level 15 in Fighting
 18951 | Orc:2    | Found Tafuikut's Antique Armour Boutique.
 18952 | Orc:2    | Found Cytaod's Antique Weapon Shop.
 18953 | Orc:2    | Found Quwn's General Store.
 18953 | Orc:2    | Found Neohagie's Book Boutique.
 18968 | Orc:2    | Bought an ebony broad axe for 234 gold pieces
 18968 | Orc:2    | Identified the +7 broad axe "Diydu" {pain, +Fly rElec Int-5} (You bought it in a shop on level 2 of the Orcish Mines)
 18970 | Orc:2    | Bought a runed shield for 217 gold pieces
 19995 | D:11     | Reached skill level 5 in Shields
 20343 | D:12     | Found Kiaph's Food Emporium.
 20504 | D:12     | Noticed Frances
 20862 | Lair:6   | Entered Level 6 of the Lair of Beasts
 20965 | Lair:6   | Noticed Rupert
 20976 | Lair:6   | Killed Rupert
 21252 | Lair:6   | Found a staircase to the Slime Pits.
 21252 | Lair:6   | Found a viscous altar of Jiyva.
 21436 | Lair:6   | Reached skill level 15 in Axes
 21879 | Lair:6   | Reached ****** piety under Makhleb
 21999 | Lair:6   | Reached skill level 16 in Axes
 22176 | Snake:1  | Entered Level 1 of the Snake Pit
 22204 | Snake:1  | HP: 2/135 [salamander/glaive (13)]
 22204 | Snake:1  | Slain by a naga ritualist

Vault maps used:
D:1:      dpeg_arrival_tiny_i
D:2:      marbit_many_paths, overflow_temple_1_default, first_bread,
          serial_undead, serial_undead_a, serial_undead_c, serial_undead_a,
          serial_undead_d
D:3:      kennysheep_generic_room_8
D:4:      serial_shops, nicolae_shop_window_shopping, abandoned_shop
D:5:      grunt_temple_overflow_order_and_chaos_1, cheibrodos_ashenzari_chains,
          basic_altar, serial_shops, shop, nicolae_shop_trees, shop, uniq_pikel,
          uniq_menkaure, uniq_blork_the_orc, uniq_crazy_yiuf_cottage
D:7:      vehumet_altar_wand_db, lemuel_temple_firewalk_b, enter_ossuary_2,
          the_bakery
D:8:      bloody_trog, dpeg_oklobed_lair, serial_shops, shop, kennysheep_mini,
          nicolae_shop_waterfront, shop, nicolae_shop_waterfront,
          minmay_three_doors
D:9:      serial_shops, nicolae_shop_temple_entry_statues_fountains,
          basic_loot_grate_trap
D:10:     lemuel_upstairs_altar, amethyst_killhole, pond, uniq_erolcha
D:11:     orc_0_dummy
D:12:     serial_shops, shop, uniq_frances
Temple:   regret_index_temple_generic_petals
Lair:1:   cheibrodos_lair_caveside_slide, lemuel_fruit_fields,
          grunt_megastairs_2, serial_bayou_shore_b, serial_bayou_shore_b
Lair:2:   minivault_29
Lair:3:   minmay_shoals_entry_centaurs
Lair:4:   dummy_snake_entry, nicolae_quartered_pool_super
Lair:5:   uniq_josephine, uniq_snorg
Lair:6:   grunt_lair_end_beastmaster, slime_altar_1, st_stairs_6,
          serial_bayou_pond_a, uniq_rupert
Snake:1:  minmay_shop_grove
Orc:1:    serial_shops, shop_scrolls, shop_statue, shop, uniq_fannar
Orc:2:    st_orc_congregation, serial_shops, shop, mines3_lemuel
Ossuary:  ossuary_due_small_catacomb

Skill      XL: |  1  2  3  4  5  6  7  8  9 10 11 12 13 14 |
---------------+-------------------------------------------+-----
Fighting       | 3 4 5 6 7 9 12 14 15 | 15.1
Dodging        | 2 3 5 6 8 11 13 14 | 14.0
Armour         | 1 2 3 5 6 8 |  8.0
Axes           | 7 11 13 14 16 | 16.3
Evocations     | 4 |  4.2
Invocations    | 4 6 7 |  7.3
Shields        | 1 4 6 |  6.1
Short Blades   | |  2.1
Throwing       | |  1.0
Stealth        | |  1.0
Spellcasting   | |  1.0
Charms         | |  1.2

Action                   |  1- 3 |  4- 6 |  7- 9 | 10-12 | 13-15 || total
-------------------------+-------+-------+-------+-------+-------++-------
Melee: Short sword       |    61 |       |       |       |       ||    61
       Dagger            |    78 |   145 |   120 |       |       ||   343
       Headbutt          |    11 |    25 |    63 |   213 |   265 ||   577
       Hand axe          |       |       |   224 |   732 |   895 ||  1851
       Whip              |       |       |       |    10 |       ||    10
       Broad axe         |       |       |       |       |    37 ||    37
Throw: Throwing net      |     2 |       |       |       |       ||     2
       Stone             |    13 |    18 |       |       |       ||    31
Invok: Lesser Servant of |       |       |       |       |    10 ||    10
Evoke: Wand              |       |     1 |    15 |    23 |    14 ||    53
  Use: Scroll            |       |     1 |    12 |     6 |     9 ||    28
       Potion            |       |       |     5 |       |     1 ||     6
 Stab: Confused          |       |       |     2 |    11 |     8 ||    21
       Sleeping          |       |       |     2 |       |     2 ||     4
       Distracted        |       |       |       |     1 |     8 ||     9
       Petrified         |       |       |       |    15 |       ||    15
       Petrifying        |       |       |       |       |     3 ||     3
  Eat: Chunk             |     2 |     7 |     9 |    12 |    11 ||    41
       Royal jelly       |       |       |     2 |       |     2 ||     4
       Fruit             |       |       |     2 |     1 |       ||     3
       Meat ration       |       |       |     1 |     2 |     2 ||     5
Armor: Leather armour    |    32 |       |    26 |    15 |       ||    73
       Ring mail         |     1 |    23 |    15 |       |       ||    39
       Skin              |       |       |    17 |       |       ||    17
       Troll leather arm |       |       |       |    58 |    82 ||   140
Dodge: Dodged            |    84 |    74 |   147 |   300 |   449 ||  1054
Block: Buckler           |       |       |       |    89 |   155 ||   244

Table legend:
 A = Spawn XP
 B = Non-spawn XP
 C = Spawn XP percentage of total XP
 D = Spawn monster count
 E = Non-spawn monster count
 F = Spawn count percentage of total count
 G = Total turns spent on level
                    A         B        C        D         E        F      G
               +---------+---------+-------+---------+---------+-------+---------
         Total |   12818 |   79023 |  14.0 |      71 |     553 |  11.4 | 22204
               +---------+---------+-------+---------+---------+-------+---------
           D:1 |       8 |      37 |  17.8 |       4 |      16 |  20.0 |   781
           D:2 |       5 |     105 |   4.5 |       4 |      23 |  14.8 |   984
           D:3 |       3 |     144 |   2.0 |       2 |      20 |   9.1 |  1016
           D:4 |       0 |     820 |   0.0 |       0 |      12 |   0.0 |   958
           D:5 |      99 |     621 |  13.8 |       7 |      13 |  35.0 |  1235
           D:6 |      11 |     324 |   3.3 |       1 |      12 |   7.7 |   792
           D:7 |     122 |    1415 |   7.9 |       1 |      30 |   3.2 |  1799
           D:8 |     127 |    3281 |   3.7 |       1 |      19 |   5.0 |  1273
           D:9 |     439 |    3497 |  11.2 |       5 |      31 |  13.9 |  1420
          D:10 |     154 |    4111 |   3.6 |       2 |      36 |   5.3 |   818
          D:11 |     121 |    1888 |   6.0 |       1 |      28 |   3.4 |   787
          D:12 |       0 |     624 |   0.0 |       0 |       6 |   0.0 |   359
        Lair:1 |     105 |    4031 |   2.5 |       1 |      12 |   7.7 |  1460
        Lair:2 |    1318 |    9051 |  12.7 |       6 |      57 |   9.5 |  1567
        Lair:3 |     931 |    8568 |   9.8 |       3 |      32 |   8.6 |  1288
        Lair:4 |      88 |    3266 |   2.6 |       1 |      11 |   8.3 |   626
        Lair:5 |    6528 |    7590 |  46.2 |      10 |      20 |  33.3 |  1273
        Lair:6 |     532 |   13650 |   3.8 |       2 |      34 |   5.6 |  1097
       Snake:1 |       0 |    2011 |   0.0 |       0 |       5 |   0.0 |    28
         Orc:1 |      49 |    2314 |   2.1 |       4 |      21 |  16.0 |   505
         Orc:2 |    2178 |   11464 |  16.0 |      16 |      87 |  15.5 |  1548
       Ossuary |       0 |     211 |   0.0 |       0 |      28 |   0.0 |   439
               +---------+---------+-------+---------+---------+-------+---------
